Cogmind - Beta 12 @@@ ROGUE MODE // 2023.12.05 @ 08:53:21 Player: ChromeKnight Result: Destroyed self with Rocket Launcher Performance ------------- Evolutions (0) 0 Regions Visited (2) 400 Robots Destroyed (17) 85 Value Destroyed (374) 374 Prototype IDs (0) 0 Alien Tech Used (0) 0 Bonus (14) 14 TOTAL SCORE: 873 Bonus ------- Follower Combat Kills 14 Cogmind --------- Core Integrity 0/250 Matter 232/300 Energy 125/125 System Corruption 10% Temperature Cool (0) Movement Treading (320) Ox2 Location -10/Mines Parts ------- > --- POWER (1) -------- Light Ion Engine > --- PROPULSION (2) --- Light Treads Light Treads > --- UTILITY (2) ------ Huge Storage Unit > --- WEAPON (2) ------- Rocket Launcher > --- INVENTORY (25) --- Light Treads Light Treads Light Treads Light Treads Light Treads Light Treads Carbon-fiber Leg Hover Unit Hover Unit Hover Unit Hover Unit Improved Heat Sink High-capacity Matter Pod (200) Structural Scanner Transport Network Coupler Targeting Computer Field Recycling Unit (0) Field Recycling Unit (0) Beam Rifle Beam Rifle Beam Rifle Rocket Launcher Rocket Launcher Rocket Launcher Peak State ------------ > --- POWER ------------ Light Ion Engine > --- PROPULSION ------- Light Treads Light Treads > --- UTILITY ---------- Improved Heat Sink Huge Storage Unit > --- WEAPON ----------- Beam Rifle Beam Rifle > --- INVENTORY -------- Light Treads Light Treads Light Treads Light Treads Light Treads Light Treads Light Treads Hover Unit Hover Unit Hover Unit Hover Unit High-capacity Matter Pod Structural Scanner Targeting Computer Field Recycling Unit Field Recycling Unit Beam Rifle Beam Rifle Rocket Launcher Rocket Launcher Rocket Launcher Rocket Launcher [Rating: 14] Favorites ----------- Power Light Ion Engine Engine Light Ion Engine Propulsion Light Treads Treads Light Treads Utility Huge Storage Unit Device Improved Heat Sink Storage Huge Storage Unit Weapon Beam Rifle Energy Gun Beam Rifle Ballistic Gun Assault Rifle Launcher Rocket Launcher Build | -11 -10 -10 ------- Run | Jun Mat Min Slots Evolved . | . . . Power . | . . . Propulsion . | . . . Utility . | . . . Weapon . | . . . Parts Attached 20 | 7 8 5 Power 5 | 1 1 3 Engine 5 | 1 1 3 Core . | . . . Reactor . | . . . Propulsion 5 | 2 2 1 Treads 5 | 2 2 1 Leg . | . . . Wheel . | . . . Hover . | . . . Flight . | . . . Utility 4 | 1 3 . Device 2 | . 2 . Storage 2 | 1 1 . Processor . | . . . Hackware . | . . . Protection . | . . . Artifact . | . . . Weapon 6 | 3 2 1 Energy Gun 4 | 2 2 . Energy Cannon . | . . . Ballistic Gun 1 | 1 . . Ballistic Cannon . | . . . Launcher 1 | . . 1 Special Weapon . | . . . Impact Weapon . | . . . Slashing Weapon . | . . . Piercing Weapon . | . . . Special Melee Weapon . | . . . Unidentified Prototypes . | . . . Parts Lost 5 | . 1 4 Power 2 | . 1 1 Propulsion 1 | . . 1 Utility 1 | . . 1 Weapon 1 | . . 1 Highest Loss Streak 4 | . 1 4 To Critical Strikes . | . . . Average Slot Usage (%) 97 | . 97 95 Engine 13 | . 13 14 Treads 27 | . 28 27 Device 12 | . 12 11 Storage 14 | . 14 14 Energy Gun 26 | . 28 23 Naked Turns . | . . . Heaviest Build 91 | 14 90 91 Greatest Support 40 | 40 40 40 Greatest Overweight (x) 4 | . 2 4 Average Overweight (x) 1 | . 1 2 Largest Inventory Capacity 25 | 8 25 25 Average Capacity 22 | 7 22 25 Most Carried 25 | 1 23 25 Average Carried 16 | . 14 24 Final Capacity 25 | 8 25 25 Final Carried 24 | . 23 24 Class Distribution -------------------- 100% | Mutant Dominant Class ---------------- Mutant | -10/Materials Mutant | -10/Mines Resources | -11 -10 -10 ----------- Run | Jun Mat Min Matter Collected 628 | 212 320 96 Remotely . | . . . Salvage Created 731 | . 539 192 Parts 35 | . 26 9 Haulers Intercepted 2 | . 2 . Recyclers Shooed . | . . . Parts Field Recycled . | . . . Retrieved Matter . | . . . Parts Self-Destructed . | . . . Prevented . | . . . Kills | -11 -10 -10 ------- Run | Jun Mat Min Combat Hostiles Destroyed 21 | . 6 15 Guns 8 | . 6 2 AOE 13 | . . 13 Classes Destroyed 7 | . 5 2 Builder 1 | . 1 . Hauler 2 | . 2 . Recycler 3 | . 2 1 Watcher 2 | . 2 . Swarmer 1 | . . 1 Grunt 8 | . 6 2 Assembled 12 | . . 12 Best Kill Streak 12 | . 3 12 Combat Bots Only 12 | . 2 12 Max Kills in Single Turn 6 | . 2 6 Gunslinging . | . . . Exploded 6 | . . 6 Melee . | . . . Uniques/NPCs Destroyed . | . . . Combat | -11 -10 -10 -------- Run | Jun Mat Min Damage Taken 1099 | . 369 730 Core 263 | . 76 187 Absorbed by Shields . | . . . Core Remaining (%) 100 | 100 . . Volleys Fired 58 | . 42 16 Largest 2 | . 2 2 Hottest 112 | . 112 112 Shots Fired 109 | . 84 25 Gun 98 | . 84 14 Cannon . | . . . Launcher 11 | . . 11 Special . | . . . Kinetic . | . . . Thermal 98 | . 84 14 Explosive 11 | . . 11 Electromagnetic . | . . . Robot Hit Streak 7 | . 7 4 Robot Miss Streak 7 | . 7 5 Penetration Max . | . . . Secondary Targets . | . . . Shots Hit Robots 59 | . 47 12 Core Hits 52 | . 18 34 Critical Kills . | . . . Critical Parts Destroyed . | . . . Critical Strikes 5 | . 5 . Burn 5 | . 5 . Melee Attacks . | . . . Impact . | . . . Slashing . | . . . Piercing . | . . . Sneak Attacks . | . . . Combat Hostiles . | . . . Follow-up Attacks . | . . . Damage Inflicted 1648 | . 713 935 Guns 802 | . 713 89 Cannons . | . . . Explosions 846 | . . 846 Melee . | . . . Ramming . | . . . Kinetic . | . . . Thermal 802 | . 713 89 Explosive 846 | . . 846 Electromagnetic . | . . . Impact . | . . . Slashing . | . . . Piercing . | . . . Highest Corruption 10 | . . 10 Average Corruption 10 | . . 10 Corruption Purged . | . . . Corruption Blocked . | . . . Effects 1 | . . 1 Message Errors 1 | . . 1 Overload Shots . | . . . Overflow Damage . | . . . Projectiles . | . . . Explosions . | . . . Melee . | . . . Knockbacks . | . . . Impact . | . . . Kinetic . | . . . Secondary . | . . . Self-Inflicted Damage 177 | . . 177 Shots 6 | . . 6 Rammed . | . . . Targets Rammed . | . . . Kicked . | . . . Crushed . | . . . Highest Temperature 408 | . 408 33 Average Temperature 85 | . 95 11 Received Heat Transfer 272 | . 228 44 Effects 2 | . 2 . Energy Bleed 1 | . 1 . Damage (minor) 1 | . 1 . Siege Activations . | . . . Robots Corrupted . | . . . Combat Hostiles . | . . . Parts Fried . | . . . Impact Corruptions . | . . . Robots Melted . | . . . Combat Hostiles . | . . . Parts Melted 3 | . 3 . Heat Transferred 2405 | . 2183 222 Parts Sabotaged . | . . . Parts Stolen . | . . . Parts Stripped . | . . . Power Chain Reactions . | . . . Missiles Intercepted . | . . . Alert | -11 -10 -10 ------- Run | Jun Mat Min Peak Influence 85 | . 85 82 Initial 19 | . . 19 Average 25 | . 19 50 Maximum Alert Level . | . . . Low Security (%) 100 | 100 100 100 Level 1 . | . . . Level 2 . | . . . Level 3 . | . . . Level 4 . | . . . Level 5 . | . . . High Security . | . . . Max Security . | . . . Squads Dispatched 1 | . . 1 Investigation 1 | . . 1 Extermination . | . . . Reinforcement . | . . . Assault . | . . . Garrison . | . . . Intercept . | . . . Searches Triggered . | . . . Construction Impeded . | . . . Haulers Reinforced . | . . . Active Scanning Responses . | . . . Cargo Convoy Interrupts . | . . . Stealth | -11 -10 -10 --------- Run | Jun Mat Min Distress Signals 1 | . 1 . Communications Jammed . | . . . Distress Signals . | . . . Times Spotted 34 | . 15 19 Peak Tracking Total 8 | . 3 8 Tactical Retreats 1 | . 1 . Traps | -11 -10 -10 ------- Run | Jun Mat Min Traps Triggered . | . . . Indirectly . | . . . Trap Hack Attempts . | . . . Triggered . | . . . Disarmed 3 | . 3 . Reprogrammed . | . . . Reused . | . . . Traps Extracted . | . . . Installed . | . . . Triggered . | . . . Machines | -11 -10 -10 ---------- Run | Jun Mat Min Machines Disabled 3 | . 1 2 Max in Single Turn 1 | . 1 1 Machines Repaired . | . . . Machines Sabotaged . | . . . Overloaded Fab Kills . | . . . Hacking | -11 -10 -10 --------- Run | Jun Mat Min Machines Accessed 7 | . 7 . Terminals 7 | . 7 . Fabricators . | . . . Repair Stations . | . . . Recycling Units . | . . . Scanalyzers . | . . . Garrison Access . | . . . Total Hacks 20 | . 20 . Successful 11 | . 11 . Failed 9 | . 9 . Catastrophic . | . . . Database Lockouts . | . . . Manual 15 | . 15 . Terminals 20 | . 20 . Fabricators . | . . . Repair Stations . | . . . Recycling Units . | . . . Scanalyzers . | . . . Garrison Access . | . . . Terminal Hacks 5 | . 5 . Robot Analysis 3 | . 3 . Unreport Threat 1 | . 1 . Disarm Traps 1 | . 1 . Fabricator Hacks . | . . . Repair Station Hacks . | . . . Recycling Unit Hacks . | . . . Scanalyzer . | . . . Garrison Access Hacks . | . . . Unauthorized Hacks 6 | . 6 . Terminals 6 | . 6 . Botnet 5 | . 5 . Operators 1 | . 1 . Fabricators . | . . . Repair Stations . | . . . Recycling Units . | . . . Scanalyzers . | . . . Garrison Access . | . . . Data Cores Recovered . | . . . Used . | . . . Hacking Detections 5 | . 5 . Full Trace Events 2 | . 2 . Feedback Events . | . . . Feedback Blocked . | . . . Robot Schematics Acquired . | . . . Robots Built . | . . . Authchips . | . . . Time . | . . . Total Robot Build Rating . | . . . Part Schematics Acquired . | . . . Parts Built . | . . . Authchips . | . . . Time . | . . . Total Part Build Rating . | . . . Parts Repaired . | . . . Time . | . . . Parts Recycled . | . . . Recycled Matter . | . . . Retrieved Matter . | . . . Retrieved Components . | . . . Parts Scanalyzed . | . . . Part Schematics Acquired . | . . . Parts Damaged . | . . . Bothacking | -11 -10 -10 ------------ Run | Jun Mat Min Used RIF Installer . | . . . Robots Hacked . | . . . Non-combat . | . . . Combat . | . . . Robot Hacks Applied . | . . . Relay Couplers Released . | . . . Fabnet Peak Effective % . | . . . Robots Rewired . | . . . Allies Hacked . | . . . Hacks Repelled . | . . . Allies | -11 -10 -10 -------- Run | Jun Mat Min Total Allies 3 | . . 3 Largest Group 3 | . . 3 Highest-Rated Group 40 | . . 40 Highest-Rated Ally 16 | . . 16 Total Orders . | . . . Ally Attacks 8 | . . 8 Total Damage 64 | . . 64 Kills 3 | . . 3 Allies Corrupted . | . . . Allies Melted . | . . . Intel | -11 -10 -10 ------- Run | Jun Mat Min Robot Analysis Total 3 | . 3 . Derelict Logs Recovered . | . . . Drone Launches . | . . . Drone Recoveries . | . . . Exploration | -11 -10 -10 ------------- Run | Jun Mat Min Turns Passed 2359 | 67 1752 540 Spaces Moved 766 | 39 574 153 Core 5 | 5 . . Treads 761 | 34 574 153 Legs . | . . . Wheels . | . . . Hover . | . . . Flight . | . . . Fastest Speed 50 | 50 160 320 Average Speed 279 | 145 277 321 Slowest Speed 480 | 160 320 480 Overloaded Moves . | . . . Propulsion Burnouts . | . . . Robots Hopped . | . . . Cave-ins Triggered 1 | . . 1 Exploration Rate (%) 39 | 3 80 34 Regions Visited 2 Branch Regions 1 Pre-discovered Areas . | . . . Known Exits Taken . | . . . Unknown Exits Taken 2 | 1 1 . Scrap Searched . | . . . Spaces Dug . | . . . Terrain Destroyed 61 | . . 61 Melee . | . . . Projectile . | . . . AOE 61 | . . 61 Terrain Rammed . | . . . Walls Destroyed . | . . . Machines Disabled . | . . . Actions | -11 -10 -10 --------- Run | Jun Mat Min Total 874 | 47 649 178 Wait 2 | . 1 1 Move 764 | 38 573 153 Hop . | . . . Pick Up 24 | 1 21 2 Fast Attach 8 | 6 2 . Attach 4 | 1 1 2 Detach 1 | . 1 . Swap 8 | . 5 3 Drop 5 | 1 3 1 Fire 58 | . 42 16 Melee . | . . . Ram . | . . . Kick . | . . . Crush . | . . . Escape Stasis . | . . . Rewire . | . . . Trap . | . . . Miscellaneous . | . . . Route ------- -11/Junkyard -10/Materials (discovered 3 exits: [*Mat x2] / [*Min]) -10/Mines History --------- Turn | Location | Event 19 | -11/Junkyard | Discovered new exit (range 16) 68 | -11/Junkyard | Entered Materials 241 | -10/Materials | Discovered new exit (range 14) 324 | -10/Materials | Build established: Mutant 1355 | -10/Materials | Discovered new exit (range 15) 1772 | -10/Materials | Discovered new exit (range 10) 1820 | -10/Materials | Entered Mines 1824 | -10/Mines | Assisted by bots powering up and referring to "LRC-V3" 2260 | -10/Mines | Assembled infested the area 2273 | -10/Mines | Core integrity fell below 50% 2278 | -10/Mines | Met a Derelict shopkeep closing up shop 2287 | -10/Mines | Crushed by falling debris 2287 | -10/Mines | Core integrity fell below 20% 2287 | -10/Mines | System corruption reached 10% 2319 | -10/Mines | Destroyed 12 combat bots 2321 | -10/Mines | Lost 4 parts (1p1n1u1w) 2360 | -10/Mines | Destroyed self with Rocket Launcher Last Messages --------------- 02326_ K-01 Serf collects debris. 02328_ U-05 Engineer lays Concrete. 02330_ K-01 Serf collects debris. 02332_ U-05 Engineer lays Concrete. 02334_ U-05 Engineer builds a Wall. 02335_ K-01 Serf cleans the Sealed Doors. 02338_ U-05 Engineer builds a Wall. 02338_ K-01 Serf collects debris. 02340_ The unstable cave ceiling collapses. 02341_ K-01 Serf collects debris. 02342_ U-05 Engineer lays Concrete. 02346_ U-05 Engineer builds a Wall. 02346_ K-01 Serf collects debris. 02348_ Acquired Carbon-fiber Leg. 02349_ K-01 Serf collects debris. 02349_ Acquired 61 matter. 02349_ U-05 Engineer builds a Wall. 02353_ K-01 Serf collects debris. 02356_ G-34 Mercenary destroyed. 02359_ The unstable cave ceiling collapses. Map ----- +----------------------------------------------------+ | ?????????????????????????????????????????????????? | | ?????????????????????????????????????????????????? | | ?????????????????????????????????????????????????? | | ?????????????????????????????????????????????????? | | ?????????????????????????????????????????????????? | | ?????????????????????????????????????????????????? | | ?????????????????????????????????????????????????? | | ?????????????????????????????????????????????????? | | ?????????????????????????????????????????????????? | | ##???????????????????????????????????????????????? | | ##??????????????????????????????????????????????? | | #??????????????? ??????????????????????????????? | | #???????????###? #?????????????????????????????? | | ##?????????# ## ## ####???????????????????????? | | #????????# ##??????????????????????? | | ########## #??????????????????????? | | #??????????????????????? | | #???????????????????????? | | ######## ### ##????????????????????????? | | ####??????# #??#u ##########???????????????????? | | ?????????## #???# # #""""""#???????????????????? | | ????????## ##??# #[#!!!!#???????????????????? | | ????????# % #??#%= ! # #????????????????????? | | ????????#%% #?##! =?????????????????????? | | ####???##% ### % g ""###???????????????????? | | #?###% = @ #???????????????????? | | # ### = = [ #???????????????????? | | # ## #??????????????????? | | # #?????????????????? | | # #?????????????????? | | ##### # ## #?????????????????? | | ##???# ####### #?????????????????? | | ##????## ####?????## %#?????????????????? | | # ##?????# #?????????? #????????????????? | | ## #####?# #?????????? k #????????????????? | | ?## ## ##?????????? % ???????????????? | | ??## ##???????????### ???????????????? | | ???## ##???????????????# ###??????????????? | | ?????# ##?????????????????###????????????????? | | ??????# ##?????????????????????????????????????? | | ??????#####??????????????????????????????????????? | | ?????????????????????????????????????????????????? | | ?????????????????????????????????????????????????? | | ?????????????????????????????????????????????????? | | ?????????????????????????????????????????????????? | | ?????????????????????????????????????????????????? | | | | | | | | | +----------------------------------------------------+ Best States ------------- Heat Dissipation 39 Energy Generation 10 Energy Capacity 250 Matter Stores 300 Matter Capacity 300 Sight Range 16 Terrain Scan Density 10 Evasion (%) 40 Recoil Reduction 2 Item Schematics ----------------- None Robot Schematics ------------------ None Fabricated ------------ Nothing Alien Tech Used ----------------- None Achievements -------------- None Challenges ------------ None Game ------ Seed KineticCatalystProcessor Manual? 0 Play Time 00:07:55 Cumulative 415.4 hours Start 2023.12.05 @ 08:46:58 End 2023.12.05 @ 08:53:21 Sessions 1 Manual Loads 0 Difficulty Rogue Special Mode None Game No. 735 Rogue 580 Adventurer 148 Explorer 7 Win Type - Total 18 Types 15/0/2/1/0/0/0/0/0 Lore% 78 Gallery% 89 Achievement% 72 Wizard Run 0 Options --------- ASCII 0 Keyboard 0 Movement Numpad Keybinds 0 Fullscreen 2 Font 18/SmallcapsGlow Map View 76x50 Tactical HUD 1 Map Filters NONE Filters NONE Steam 1 RUN: 372fabdf-9fa6-4a7e-b9ac-d783568f0f30